 Dungeon Crawl Stone Soup version 0.18-a0-912-g81d1dc4 (webtiles) character file.

536 lys the Slicer (level 7, -1/44 HPs)
             Began as a Halfling Assassin on Dec 26, 2015.
             Was a Follower of Dithmenos.
             Killed by divine providence
             ... invoked by an orc priest
              (12 damage)
             ... on level 4 of the Dungeon.
             The game lasted 00:46:26 (4861 turns).

lys the Slicer (Halfling Assassin)                  Turns: 4861, Time: 00:46:26

Health: -1/44      AC:  6    Str: 11    XL:     7   Next: 50%
Magic:  7/7        EV: 10    Int: 12    God:    Dithmenos [*.....]
Gold:   315        SH:  0    Dex: 16    Spells: 0 memorised, 6 levels left

rFire  . . .     SeeInvis .     a - +1 dagger (venom)
rCold  . . .     Gourm    .     s - +0 leather armour
rNeg   . . .     Faith    .     (shield restricted)
rPois  .         Spirit   .     (no helmet)
rElec  .         Dismiss  .     u - +1 cloak
rCorr  .         Reflect  .     d - +0 pair of gloves
SustAt .         Harm     .     (no boots)
MR     .....                    (no amulet)
Stlth  ++++......               (no ring)
                                (no ring)

@: wreathed by umbra, not resistant to hostile enchantments, stealthy
A: mutation resistance 1
a: Renounce Religion


You were on level 4 of the Dungeon.
You worshipped Dithmenos.
Dithmenos was aware of your devotion.
You were hungry.

You visited 1 branch of the dungeon, and saw 4 of its levels.

You collected 315 gold pieces.

Inventory:

Hand Weapons
 a - a +1 dagger of venom (weapon)
 b - a +0 blowgun
 o - a +2 dagger
 q - a +0 hunting sling
Missiles
 c - 99 stones (quivered)
 e - 30 poisoned needles
 f - 8 curare-tipped needles
 n - 2 needles of sleeping
Armour
 d - a +0 pair of gloves (worn)
 s - a +0 leather armour (worn)
 u - a +1 cloak (worn)
Scrolls
 j - a scroll of recharging
 k - a scroll of enchant armour
 l - 2 scrolls of identify
 p - a scroll of blinking {unknown}
 t - 4 scrolls of remove curse
 v - 2 scrolls of random uselessness
Potions
 h - 2 potions of cure mutation
 m - a potion of lignification
 x - a potion of degeneration {unknown}
Comestibles
 g - 3 bread rations
 i - a beef jerky
 r - 3 chunks of flesh
 w - 2 meat rations


   Skills:
 - Level 1.7 Fighting
 - Level 8.7 Short Blades
 - Level 2.1 Throwing
 - Level 2.0 Armour
 + Level 2.5 Dodging
 + Level 5.1 Stealth


You had 6 spell levels left.
You didn't know any spells.

Dungeon Overview and Level Annotations

Branches:
Dungeon (4/15)             Temple (0/1) D:4

Altars:
Dithmenos
Gozag


Innate Abilities, Weirdness & Mutations

You are small and have problems with some larger weapons.
You are somewhat resistant to further mutation.


Message History

The poisoned needle hits the orc priest!
The orc priest is poisoned.
It begins to drip with poison!
a - a +1 dagger of venom (weapon)
The orc priest hits you but does no damage.
The orc priest calls upon Beogh to heal the orc priest.
The orc priest's wounds heal themselves!
You hit the orc priest.
The orc priest looks even sicker.
The orc priest is lightly wounded.
You hit the orc priest.
The orc priest is moderately wounded.
The orc priest calls down the wrath of Beogh upon you.
Something smites you!
The orc priest hits you with an enchanted hand axe!
* * * LOW HITPOINT WARNING * * *
The orc priest calls upon Beogh to heal the orc priest.
The orc priest is healed somewhat.
The orc priest mumbles some strange prayers to Beogh against you.
Something smites you!
You die...

###### ##.....# ####..###.#
########
#....##.#.###########...)..#
.....#)##.+...........####.######
#.†...##..##########..# #.......
..##......######.#....# #.......
.##.#.((.......#@#....####.......
.#)##.(.....(o(o[.........>......
.###..########...#..<.###........
.....## #........# #.♣.♣....
#..####### #...##.#.###..>.....
##.......# #.#....#.....♣.♣...#
#.#####.# #.#..#######.....).#
#.# #.# #.#..# #.........).# #.#
#.# #.#..# #.####.###)##


You could see 2 orc priests.

Vanquished Creatures
  The ghost of zkyp the Cudgeler, an amateur OgCj (D:3)
  2 orc priests (D:4)
  A hound (D:4)
  A giant frog skeleton (D:4)
  Jessica (D:3)
  Ijyb (D:3)
  A worker ant (D:4)
  10 adders
  7 gnolls
  An ooze (D:1)
  An adder skeleton (D:4)
  A worm (D:3)
  5 giant geckos
  5 orcs
  2 ball pythons
  5 bats
  5 giant cockroaches
  8 goblins
  10 hobgoblins
  8 jackals
  5 kobolds
  A quokka (D:4)
  A giant gecko skeleton (D:4)
  5 giant newts
  15 rats
103 creatures vanquished.

Notes
Turn   | Place    | Note
--------------------------------------------------------------
     0 | D:1      | lys the Halfling Assassin began the quest for the Orb.
     0 | D:1      | Reached XP level 1. HP: 14/14 MP: 1/1
   244 | D:1      | Reached XP level 2. HP: 5/19 MP: 2/2
   732 | D:1      | Reached XP level 3. HP: 21/24 MP: 3/3
  1294 | D:2      | Reached skill level 5 in Short Blades
  1323 | D:2      | Reached XP level 4. HP: 24/29 MP: 4/4
  1336 | D:2      | Reached skill level 1 in Armour
  1950 | D:2      | Reached XP level 5. HP: 31/34 MP: 5/5
  2281 | D:2      | Found an opulent altar of Gozag.
  2281 | D:2      | Found a shadowy altar of Dithmenos.
  2285 | D:2      | Became a worshipper of Dithmenos the Shadowed
  2423 | D:3      | Reached skill level 6 in Short Blades
  2708 | D:3      | Noticed Jessica
  2715 | D:3      | Killed Jessica
  2904 | D:3      | Reached skill level 7 in Short Blades
  2916 | D:3      | Reached XP level 6. HP: 28/39 MP: 6/6
  3084 | D:3      | Noticed Ijyb
  3113 | D:3      | Killed Ijyb
  3116 | D:3      | Noticed zkyp's ghost (amateur OgCj)
  3171 | D:3      | Killed zkyp's ghost
  3171 | D:3      | Reached skill level 8 in Short Blades
  3993 | D:4      | Reached XP level 7. HP: 44/44 MP: 7/7
  4036 | D:4      | Reached * piety under Dithmenos
  4302 | D:4      | Found a staircase to the Ecumenical Temple.
  4700 | D:4      | Reached skill level 5 in Stealth
  4861 | D:4      | Killed from afar by an orc priest

Vault maps used:
D:1:      roderic_crossed_star, minmay_misc_feat_more_columns
D:2:      gammafunk_temple_overflow_elements
D:3:      uniq_iyjb, uniq_jessica
D:4:      minmay_temple_entry_trees, minmay_bisected

Action                   |  1- 3 |  4- 6 |  7- 9 || total
-------------------------+-------+-------+-------++-------
Melee: Dagger            |   110 |   229 |    81 ||   420
 Fire: Blowgun           |       |     5 |     5 ||    10
Throw: Stone             |    11 |    95 |    14 ||   120
  Use: Potion            |       |     7 |       ||     7
       Scroll            |       |     6 |       ||     6
 Stab: Sleeping          |     2 |     6 |     1 ||     9
  Eat: Chunk             |     1 |     9 |     2 ||    12
